[Event "Team 45 45 League T48"]
[Site "Internet Chess Club"]
[Date "2011.03.19"]
[Round "6"]
[White "aww-rats"]
[Black "QueensCounselor"]
[Result "1-0"]
[WhiteElo "2091"]
[BlackElo "2123"]
[Opening "English: four knights, Capablanca variation"]
[ECO "A28"]
[Time "16:01:24"]
[TimeControl "2700+45"]

1. c4 e5 2. Nc3 Nf6 3. Nf3 Nc6 4. d3 d5 5. cxd5 Nxd5 6. g3 Be7 7. Bg2 Be6 8. O-O
O-O 9. Bd2 f5 10. Rc1 a6 11. a3 Nb6 12. Be3 Nd5 13. Nxd5 Bxd5 14. Qc2 Qd7 15.
Bc5 Bd6 16. Nd2 Bxg2 17. Kxg2 Bxc5 18. Qxc5 Qd6 19. Nb3 Rae8 20. Qc4+ Kh8 21.
Nc5 b5 22. Qh4 Nd4 23. e3 Ne6 24. Nxe6 Rxe6 25. Qb4 c6 26. Qxd6 Rxd6 27. Rc5 Re8
28. Rfc1 Ree6 29. b4 g6 30. R1c3 Kg7 31. h4 h6 32. Kf1 Kf6 33. Ke2 Ke7 34. a4
Kd7 35. axb5 axb5 36. Ra3 Kc7 37. Ra7+ Kb6 38. Rf7 h5 39. Rf8 e4 40. d4 Rd7 41.
Re5 Rdd6 42. Rxe6 Rxe6 43. Rf7 Rd6 44. Re7 Ka6 45. f3 exf3+ 46. Kxf3 Kb6 47. Kf4
Rd8 48. Re6 {Black resigns} 1-0

[Event "Team 45 45 League T48"]
[Site "Internet Chess Club"]
[Date "2011.03.16"]
[Round "6"]
[White "Deckfuel"]
[Black "filiusdextris"]
[Result "0-1"]
[WhiteElo "1881"]
[BlackElo "2101"]
[Opening "Caro-Kann: Goldman (Spielmann) variation"]
[ECO "B11"]
[Time "16:02:59"]
[TimeControl "2700+45"]

1. e4 c6 2. Nc3 d5 3. Qf3 dxe4 4. Nxe4 Nd7 5. d4 Ndf6 6. Nxf6+ Nxf6 7. Be3 Qb6
8. Rb1 Qa5+ 9. c3 Qxa2 10. Bd3 Bg4 11. Qf4 Qd5 12. f3 Bh5 13. c4 Qd6 14. Qh4
Qb4+ 15. Bd2 Qb3 16. Bc3 e6 17. Ne2 Bb4 18. O-O O-O-O 19. Ra1 Be7 20. Rxa7 Bg6
21. Ra8+ Kd7 22. Rxd8+ Rxd8 23. Bxg6 hxg6 24. Ra1 Qxc4 25. Qf2 Nd5 26. Ra7 Qb5
27. Ba5 Rh8 28. Nc3 Nxc3 29. bxc3 Bd6 30. g3 Bb8 31. Ra8 Bxg3 32. Qxg3 Rxa8 33.
Qc7+ Ke8 34. Bb6 Qg5+ 35. Qg3 Ra1+ 36. Kg2 Ra2+ 37. Kf1 Qc1+ 38. Qe1 Qb2 {White
resigns} 0-1

[Event "Team 45 45 League T48"]
[Site "Internet Chess Club"]
[Date "2011.03.20"]
[Round "6"]
[White "HomerSimpson"]
[Black "Paulkov"]
[Result "0-1"]
[WhiteElo "2186"]
[BlackElo "2297"]
[Opening "Polish (Sokolsky) opening"]
[ECO "A00"]
[Time "20:09:46"]
[TimeControl "2700+45"]

1. b4 d5 2. Bb2 Nf6 3. Nf3 Bg4 4. Ne5 Bh5 5. c4 e6 6. Qb3 Bd6 7. e3 O-O 8. Bd3
a5 9. a3 Bxe5 10. Bxe5 Nc6 11. Bb2 axb4 12. axb4 dxc4 13. Bxc4 Qe7 14. Rxa8 Rxa8
15. Bc3 Ne4 16. b5 Na5 17. Bxa5 Rxa5 18. d4 Qg5 19. O-O Bf3 20. g3 Qf5 21. Rc1
Nxf2 22. Bf1 Bd5 23. Rxc7 g5 24. Qc2 Qf3 25. Qd2 Ra2 26. Rc2 Rxc2 27. Qxc2 Qh1+
{White resigns} 0-1

[Event "Team 45 45 League T48"]
[Site "Internet Chess Club"]
[Date "2011.03.20"]
[Round "6"]
[White "MaartenKoning"]
[Black "chess9793"]
[Result "1-0"]
[WhiteElo "2234"]
[BlackElo "2134"]
[Opening "King's Indian: East Indian defense"]
[ECO "A48"]
[Time "15:18:05"]
[TimeControl "2700+45"]

1. d4 Nf6 2. Nf3 g6 3. Nc3 d5 4. Bf4 Bg7 5. e3 O-O 6. Be2 c5 7. Ne5 Ne4 8. Nxe4
dxe4 9. O-O g5 10. Bg3 f5 11. f4 cxd4 12. Bc4+ e6 13. exd4 Nc6 14. Nxc6 bxc6 15.
c3 g4 16. Qa4 Bd7 17. Qc2 Qe7 18. b4 a5 19. a3 Kf7 20. Bf2 Rfb8 21. Be3 Qd6 22.
g3 h5 23. h4 gxh3 24. Qh2 axb4 25. axb4 Rxa1 26. Rxa1 Rxb4 27. cxb4 Bxd4 28. Qd2
Bxe3+ 29. Qxe3 Qxb4 30. Qb3 Qd2 31. Ra2 Qe1+ 32. Kh2 h4 33. Bxe6+ Ke7 34. Bxd7
Qxg3+ 35. Qxg3 hxg3+ 36. Kxg3 Kxd7 37. Kxh3 Ke6 38. Ra5 Kf6 39. Rc5 Ke6 40.
Rxc6+ Kd5 41. Rf6 e3 42. Kg3 Ke4 43. Re6+ Kd3 44. Kf3 e2 45. Rxe2 Kd4 46. Re5
{Black resigns} 1-0

[Event "Team 45 45 League T48"]
[Site "Internet Chess Club"]
[Date "2011.03.19"]
[Round "6"]
[White "Merciful"]
[Black "Campagnolo"]
[Result "1/2-1/2"]
[WhiteElo "2088"]
[BlackElo "2073"]
[Opening "Réti: King's Indian attack (Barcza system)"]
[ECO "A07"]
[Time "21:00:35"]
[TimeControl "2700+45"]

1. Nf3 d5 2. g3 c6 3. Bg2 Nf6 4. O-O Bf5 5. d3 e6 6. Nbd2 Be7 7. Qe1 Bg6 8. Ne5
O-O 9. Nxg6 hxg6 10. e4 dxe4 11. dxe4 e5 12. Qe2 Qc7 13. Rd1 Nbd7 {Game drawn by
mutual agreement} 1/2-1/2

[Event "Team 45 45 League T48"]
[Site "Internet Chess Club"]
[Date "2011.03.19"]
[Round "6"]
[White "easycure"]
[Black "Oblio"]
[Result "0-1"]
[WhiteElo "2275"]
[BlackElo "2389"]
[Opening "Nimzo-Indian: Simagin variation"]
[ECO "E46"]
[Time "11:30:14"]
[TimeControl "2700+45"]

1. d4 Nf6 2. c4 e6 3. Nc3 Bb4 4. e3 O-O 5. Ne2 d5 6. a3 Bd6 7. c5 Be7 8. g3 c6
9. Bg2 Nbd7 10. f4 b6 11. b4 a5 12. Bb2 Ng4 13. Qd2 f5 14. h3 Ngf6 15. O-O Ba6
16. Rfc1 Bc4 17. Bf3 Qe8 18. Kh2 Qg6 19. Rg1 h5 20. Nd1 Ne4 21. Bxe4 dxe4 22.
Nf2 b5 23. bxa5 Nf6 24. Bc3 Bd8 25. Nc1 Nd5 26. Bb4 Rf7 27. Na2 Rfa7 28. Nc3
Bxa5 29. Nxd5 Bxd5 30. Qc3 Qe8 31. g4 hxg4 32. hxg4 Qd8 33. Nh3 Qh4 34. gxf5
exf5 35. Rg5 Bxb4 36. Qxb4 Ra4 37. Qb2 b4 38. Rag1 Rxa3 {White resigns} 0-1

[Event "Team 45 45 League T48"]
[Site "Internet Chess Club"]
[Date "2011.03.18"]
[Round "6"]
[White "BlazekaMatej"]
[Black "technika"]
[Result "1/2-1/2"]
[WhiteElo "2107"]
[BlackElo "2136"]
[Opening "Sicilian: accelerated fianchetto, modern variation with Bc4"]
[ECO "B35"]
[Time "15:45:25"]
[TimeControl "2700+45"]

1. e4 c5 2. Nf3 Nc6 3. d4 cxd4 4. Nxd4 g6 5. Nc3 Bg7 6. Be3 Nf6 7. Bc4 O-O 8.
Bb3 a5 9. f3 d5 10. Bxd5 Nxd5 11. Nxd5 f5 12. Nxc6 bxc6 13. Nb6 Rb8 14. Qxd8
Rxd8 15. Rd1 Rxd1+ 16. Kxd1 fxe4 17. Nxc8 Rxc8 18. b3 exf3 19. gxf3 Kf7 20. Ke2
a4 21. Rd1 Be5 22. Bc5 Ke6 23. h3 Bd6 {Game drawn by mutual agreement} 1/2-1/2

[Event "Team 45 45 League T48"]
[Site "Internet Chess Club"]
[Date "2011.03.20"]
[Round "6"]
[White "vnchess"]
[Black "theophilus"]
[Result "0-1"]
[WhiteElo "2160"]
[BlackElo "2221"]
[Opening "Réti opening"]
[ECO "A04"]
[Time "11:01:04"]
[TimeControl "2700+45"]

1. Nf3 e6 2. g3 f5 3. Bg2 Nf6 4. O-O Be7 5. Nc3 O-O 6. d3 d5 7. Qe1 c6 8. e4 b6
9. e5 Nfd7 10. Nd4 Nc5 11. b4 Nca6 12. b5 c5 13. Nxf5 Rxf5 14. bxa6 Nxa6 15. f4
Nb4 16. a3 Nxc2 17. Qe2 Nxa1 18. Qb2 Rb8 19. a4 Bd7 20. Qxa1 a6 21. Qa2 Rf8 22.
Bh3 Kh8 23. f5 exf5 24. Qxd5 Qc8 25. Bf4 Be6 26. Qf3 g5 27. Bd2 g4 28. Qe2 gxh3
29. Qh5 {White resigns} 0-1

[Event "Team 45 45 League T48"]
[Site "Internet Chess Club"]
[Date "2011.03.21"]
[Round "6"]
[White "Epcot"]
[Black "egyptiantiger"]
[Result "1-0"]
[WhiteElo "1839"]
[BlackElo "1996"]
[Opening "King's Indian: 3.g3"]
[ECO "E62"]
[Time "06:16:51"]
[TimeControl "2700+45"]

1. d4 Nf6 2. c4 g6 3. g3 Bg7 4. Bg2 O-O 5. Nf3 d6 6. Nc3 c6 7. O-O a6 8. e4 Nbd7
9. e5 dxe5 10. dxe5 Ng4 11. e6 fxe6 12. Ng5 Ndf6 13. Qe2 e5 14. h3 Nh6 15. Qxe5
Nf7 16. Qe2 Qa5 17. Ne6 Bxe6 18. Qxe6 Qe5 19. Re1 Qxe6 20. Rxe6 Rfe8 21. Bf4
Rad8 22. Rae1 Kf8 23. Na4 Rd4 24. b3 Nd8 25. R6e2 Nd7 26. Bc1 b5 27. cxb5 cxb5
28. Nc3 e5 29. Nd5 Nf6 30. Ba3+ Kf7 31. Nc7 Nd7 32. Nxe8 Kxe8 33. Bb2 Rd6 34. f4
Ne6 35. fxe5 Rd3 36. Kh2 Ndc5 37. Re3 Rd8 38. h4 Nd3 39. R1e2 b4 40. Bb7 Nec5
41. Bc6+ Ke7 42. g4 Ke6 43. Kh3 Nf4+ 44. Kg3 Nxe2+ 45. Rxe2 Rd3+ 46. Kf4 Bh6+
47. g5 Bg7 48. Rc2 Bf8 49. Be4 Rd1 50. Bf3 Rd3 51. Bg4+ Kf7 52. Be2 Ne6+ 53. Kg4
Rd8 54. Bc4 a5 55. h5 gxh5+ 56. Kf5 Re8 57. Rd2 Bg7 58. Rd7+ Kg8 59. Bxe6+ Kh8
60. Bf7 Rf8 61. g6 hxg6+ 62. Kxg6 Rb8 63. Bd4 h4 64. e6 {Black resigns} 1-0

[Event "Team 45 45 League T48"]
[Site "Internet Chess Club"]
[Date "2011.03.20"]
[Round "6"]
[White "TerryMalloy"]
[Black "SlimeDog2"]
[Result "1/2-1/2"]
[WhiteElo "1878"]
[BlackElo "2045"]
[Opening "Sicilian: Canal-Sokolsky attack, Sokolsky variation"]
[ECO "B52"]
[Time "23:38:43"]
[TimeControl "2700+45"]

1. e4 c5 2. Nf3 d6 3. Bb5+ Bd7 4. Bxd7+ Qxd7 5. c4 Nc6 6. d4 cxd4 7. Nxd4 Nf6 8.
Nc3 e6 9. O-O Be7 10. Be3 O-O 11. Qe2 Rac8 12. Rfd1 b6 13. f3 Qb7 14. Rac1 Rfe8
15. b3 d5 16. Nxc6 Rxc6 17. e5 Nd7 18. cxd5 exd5 19. Nxd5 Rxc1 20. Nxe7+ Rxe7
21. Rxc1 Rxe5 22. Qd3 h6 23. Bf4 Rc5 24. Rd1 Nf6 25. Qd8+ Kh7 26. Qd3+ g6 27.
Qd8 Rf5 28. Be3 Rd5 29. Rxd5 Nxd5 30. Bd4 f6 31. Bxf6 Nxf6 32. Qxf6 Qd5 33. Qe7+
{Game drawn by mutual agreement} 1/2-1/2

[Event "Team 45 45 League T48"]
[Site "Internet Chess Club"]
[Date "2011.03.23"]
[Round "6"]
[White "Uwak"]
[Black "onslaught"]
[Result "1/2-1/2"]
[WhiteElo "2400"]
[BlackElo "2235"]
[Opening "French: Tarrasch, open variation"]
[ECO "C07"]
[Time "22:16:18"]
[TimeControl "2700+45"]

1. e4 e6 2. d4 d5 3. Nd2 c5 4. Ngf3 cxd4 5. exd5 Qxd5 6. Bc4 Qd6 7. Qe2 Nf6 8.
Nb3 Nc6 9. Bg5 Qb4+ 10. Bd2 Qb6 11. O-O-O Bd7 12. Bg5 Bc5 13. Ne5 Nxe5 14. Qxe5
Bd6 15. Qxd4 Qxd4 16. Nxd4 h6 17. Be3 Be5 18. Nf3 Bc7 19. Bd4 Rc8 20. Bb3 a5 21.
c3 Bc6 22. Ne5 Bd5 23. Ba4+ Kf8 24. f3 Bxe5 25. Bxe5 Bxa2 26. Rd6 Bd5 27. Rb6
Kg8 28. Rd1 Kh7 29. Bc2+ Kg8 30. Ba4 Kh7 31. Bc2+ {Game drawn by mutual
agreement} 1/2-1/2

[Event "Team 45 45 League T48"]
[Site "Internet Chess Club"]
[Date "2011.03.23"]
[Round "6"]
[White "ThuG"]
[Black "searchforbobby1"]
[Result "0-1"]
[WhiteElo "2153"]
[BlackElo "2224"]
[Opening "French: MacCutcheon, Lasker variation"]
[ECO "C12"]
[Time "19:42:21"]
[TimeControl "2700+45"]

1. e4 e6 2. d4 d5 3. Nc3 Nf6 4. Bg5 Bb4 5. e5 h6 6. Bd2 Bxc3 7. Bxc3 Ne4 8. Bd3
Nxc3 9. bxc3 c5 10. Qg4 g6 11. Nf3 Nc6 12. Qf4 Qa5 13. Qd2 b6 14. dxc5 bxc5 15.
c4 dxc4 16. Be4 Qxd2+ 17. Nxd2 Bd7 18. Nxc4 Ke7 19. O-O Rab8 20. c3 Rb5 21. Rfd1
Rb7 22. Rd6 Rc7 23. Rad1 Rhc8 24. R6d2 Be8 25. Nd6 Rb8 26. f4 Na5 27. h4 Ba4 28.
Re1 h5 29. Kf2 Bc6 30. Bd3 Rd8 31. Ba6 Rb8 32. Kg3 Ba8 33. Red1 Bc6 34. Kh3 Ba4
35. Re1 Bc6 36. g4 hxg4+ 37. Kxg4 Rd8 38. Kg3 Rb8 39. Kf2 Rh8 40. Kg3 Rb8 41.
Red1 Ba4 42. Rg1 Bc6 43. h5 gxh5 44. Kh4 Rf8 45. Be2 Nb7 46. Rgd1 Rd7 47. f5
exf5 48. Nxf5+ Ke6 49. Ng7+ Ke7 50. Bxh5 Rxd2 51. Rxd2 Rd8 52. Rf2 Bd5 53. Nf5+
Ke6 54. Ne3 Kxe5 55. Nxd5 Rxd5 56. Rxf7 Nd6 57. Rxa7 Rd3 58. Ra3 Nf5+ 59. Kg5
Rg3+ 60. Bg4 Ne3 61. Ra4 c4 62. Ra8 Rxg4+ 63. Kh5 Rg2 64. a4 Nf5 65. Rc8 Nd6 66.
Rc5+ Ke6 67. a5 Rc2 68. a6 Ra2 69. Rc6 Kd5 70. Rb6 Kc5 71. Rb1 Rxa6 72. Kg4 Ne4
73. Rc1 Ra3 74. Kf4 Nxc3 75. Ke5 Nd5 76. Rh1 Re3+ 77. Kf5 c3 78. Rh8 Kd4 79. Kg4
c2 80. Rh1 Kc3 {White resigns} 0-1

[Event "Team 45 45 League T48"]
[Site "Internet Chess Club"]
[Date "2011.03.22"]
[Round "6"]
[White "screamingeagle"]
[Black "DreadHead"]
[Result "0-1"]
[WhiteElo "1986"]
[BlackElo "2222"]
[Opening "Robatsch (modern) defense"]
[ECO "B06"]
[Time "09:01:23"]
[TimeControl "2700+45"]

1. e4 g6 2. Nc3 Bg7 3. g3 d6 4. Bg2 e5 5. d3 Ne7 6. Nge2 O-O 7. O-O c6 8. f4
exf4 9. Bxf4 d5 10. e5 Qb6+ 11. d4 Qxb2 12. e6 Qa3 13. exf7+ Rxf7 14. Qd2 Nd7
15. Bh3 Nf6 16. Bxc8 Rxc8 17. Be5 Rcf8 18. Nf4 Bh6 19. Qd3 Bxf4 20. Rxf4 Nd7 21.
Raf1 Nf5 22. g4 Nxe5 23. dxe5 Qc5+ 24. Kh1 Nd4 25. Rxf7 Rxf7 26. Rxf7 Kxf7 27.
Qh3 h6 28. Qf1+ Ke8 29. Qd3 Kd8 30. Qe3 Qc4 31. Kg2 Nxc2 32. Qg3 d4 33. e6 Qxe6
34. Qb8+ Ke7 35. Qc7+ Kf6 36. Qd8+ Kf7 37. Qc7+ Qe7 38. Qf4+ Kg7 39. Ne4 Ne3+
40. Kh3 g5 41. Qf3 Qf7 {White resigns} 0-1

[Event "Team 45 45 League T48"]
[Site "Internet Chess Club"]
[Date "2011.03.22"]
[Round "6"]
[White "parmupill"]
[Black "gaibo4ever"]
[Result "1/2-1/2"]
[WhiteElo "2178"]
[BlackElo "2097"]
[Opening "Sicilian: closed, 6.f4"]
[ECO "B25"]
[Time "16:31:17"]
[TimeControl "2700+45"]

1. e4 c5 2. Nc3 Nc6 3. g3 g6 4. d3 Bg7 5. Bg2 d6 6. f4 e6 7. Nf3 Nge7 8. O-O O-O
9. Be3 Nd4 10. e5 Nef5 11. Bf2 Nxf3+ 12. Qxf3 Nd4 13. Qd1 dxe5 14. fxe5 Bxe5 15.
Na4 f5 16. c3 Nc6 17. Nxc5 Qd6 18. d4 Bg7 19. Qb3 b6 20. Qa4 bxc5 21. dxc5 Qd2
22. Bxc6 Rb8 23. b4 Bxc3 24. Rad1 Rxb4 25. Qxa7 Qc2 26. Rc1 Qd2 27. Rcd1 Qc2 28.
a4 Rb2 29. Rc1 Qd2 30. Rcd1 Qc2 31. Bb5 f4 32. c6 e5 33. Bc4+ Kh8 34. Qe7 Qf5
35. Rd8 Rxd8 36. Qxd8+ Kg7 37. Bc5 Rd2 38. Qe7+ Kh6 39. Qh4+ Kg7 40. Qe7+ Kh6
41. Qh4+ Kg7 42. Qe7+ Kh6 43. Qh4+ Kg7 44. Qe7+ {Game drawn by repetition}
1/2-1/2

[Event "Team 45 45 League T48"]
[Site "Internet Chess Club"]
[Date "2011.03.22"]
[Round "6"]
[White "sibirica"]
[Black "PHILOCHESS"]
[Result "1/2-1/2"]
[WhiteElo "2314"]
[BlackElo "2106"]
[Opening "Caro-Kann defense"]
[ECO "B12"]
[Time "10:00:05"]
[TimeControl "2700+45"]

1. e4 c6 2. d4 Qb6 3. Nc3 d5 4. exd5 Nf6 5. dxc6 Nxc6 6. Bb5 a6 7. Ba4 Bg4 8. f3
Bf5 9. Nge2 O-O-O 10. Be3 e5 11. Bxc6 Qxc6 12. O-O Be7 13. Qe1 Rhe8 14. Qf2 Qe6
15. Rfe1 e4 16. Ng3 exf3 17. Qxf3 Bg4 18. Qf2 Qd7 19. h3 Be6 20. Rad1 Bb4 21. d5
Bxd5 22. Nxd5 Nxd5 23. c3 Ba5 24. b4 Rxe3 25. Rxe3 Bb6 26. Nf5 Qb5 27. Rxd5 Rxd5
28. Ne7+ Kb8 29. Nxd5 Qxd5 30. Kh2 Qd7 31. Qf3 Qd6+ 32. Kh1 Bxe3 33. Qxe3 f5 34.
Qe8+ Ka7 35. Qe3+ b6 36. a4 Qd1+ 37. Kh2 Qd6+ 38. Kh1 f4 39. Qe8 Qf6 40. Qc8 Qd6
41. c4 g5 42. c5 bxc5 43. bxc5 Qe7 44. c6 f3 45. gxf3 Qe1+ 46. Kg2 Qe2+ 47. Kg1
Qe1+ 48. Kg2 Qe2+ 49. Kg1 Qe1+ 50. Kg2 {Game drawn by repetition} 1/2-1/2

[Event "Team 45 45 League T48"]
[Site "Internet Chess Club"]
[Date "2011.03.20"]
[Round "6"]
[White "MikeA"]
[Black "chiiwen"]
[Result "1-0"]
[WhiteElo "2210"]
[BlackElo "2157"]
[Opening "Sicilian: Alapin's variation (2.c3)"]
[ECO "B22"]
[Time "21:00:21"]
[TimeControl "2700+45"]

1. e4 c5 2. c3 Nf6 3. e5 Nd5 4. d4 cxd4 5. Nf3 e6 6. cxd4 b6 7. Nc3 Nxc3 8. bxc3
Qc7 9. Bd2 Bb7 10. Bd3 d6 11. O-O Nd7 12. Re1 Be7 13. exd6 Bxd6 14. Rb1 h6 15.
Qe2 O-O 16. c4 Rad8 17. h3 Rfe8 18. Qd1 e5 19. d5 Nc5 20. Be2 Bc8 21. Qc2 f5 22.
Be3 Nb7 23. a4 f4 24. Bd2 e4 25. Nd4 f3 26. Bf1 Nc5 27. gxf3 exf3 28. Qg6 Rf8
29. Nb5 Qd7 30. Nxd6 Qxd6 31. Qxd6 Rxd6 32. Bb4 Rg6+ 33. Kh2 Bd7 34. Bxc5 bxc5
35. a5 Rf4 36. Rb7 Bf5 37. Re5 Bc2 38. Re8+ Kh7 39. Rxa7 Rh4 40. Raa8 Rg5 41.
Rf8 Be4 42. Rac8 Kg6 43. a6 Kh5 44. a7 Bd3 45. Rxf3 {Black resigns} 1-0

[Event "Team 45 45 League T48"]
[Site "Internet Chess Club"]
[Date "2011.03.20"]
[Round "6"]
[White "Fulvio"]
[Black "xakelari"]
[Result "1-0"]
[WhiteElo "2054"]
[BlackElo "2049"]
[Opening "Queen's gambit declined"]
[ECO "D30"]
[Time "10:00:25"]
[TimeControl "2700+45"]

1. d4 d5 2. c4 e6 3. e3 c5 4. Nf3 Nf6 5. Be2 a6 6. O-O dxc4 7. a4 Nc6 8. Na3
cxd4 9. Nxc4 dxe3 10. Qxd8+ Nxd8 11. Bxe3 Nd5 12. Nb6 Nxb6 13. Bxb6 Nc6 14. Rac1
Be7 15. Rfd1 O-O 16. Nd4 Nb4 17. Bf3 Nd5 18. Bxd5 exd5 19. Bc5 Bxc5 20. Rxc5 Be6
21. Rc7 Rab8 22. Rdc1 Rfe8 23. f3 Kf8 24. Kf2 Re7 25. b4 Rbe8 26. b5 Rxc7 27.
Rxc7 axb5 28. axb5 Re7 29. Rc5 Ke8 30. b6 Rd7 31. Rc8+ Ke7 32. Ke3 Rd8 33. Rc7+
Rd7 34. Rc8 Kf6 35. Rc7 g5 36. g4 Ke7 37. Rc8 Kd6 38. Kd3 Re7 39. Rc3 Re8 40.
Rc7 Bc8 41. Rxf7 Re7 42. Nb5+ Ke6 43. Rf5 Bd7 44. Nc7+ Kd6 45. Rxd5+ Kc6 46.
Rxg5 Rf7 47. Ke3 Kxb6 48. Nd5+ Kc6 49. Nc3 Kd6 50. f4 Bc6 51. Nb5+ Bxb5 52. Rxb5
Kc6 53. Re5 b5 54. f5 b4 55. Kd4 Rg7 56. h3 b3 57. Re6+ Kb5 58. Kc3 Ka4 59. Ra6+
Kb5 60. Ra3 h5 61. f6 Rg6 62. f7 Rf6 63. Ra7 hxg4 64. hxg4 Rf3+ 65. Kb2 Kc4 66.
Rc7+ Kb4 67. Rb7+ Kc4 68. g5 Rf2+ 69. Kc1 Kc3 70. Rc7+ Kb4 71. g6 b2+ 72. Kb1
Kb3 73. Rb7+ Ka3 74. g7 Rf1+ 75. Kc2 Rf2+ 76. Kd3 Rxf7 77. g8=Q Rd7+ 78. Kc2
Rc7+ 79. Rxc7 {Black resigns} 1-0

[Event "Team 45 45 League T48"]
[Site "Internet Chess Club"]
[Date "2011.03.18"]
[Round "6"]
[White "CaoCao"]
[Black "martineden"]
[Result "0-1"]
[WhiteElo "1875"]
[BlackElo "1883"]
[Opening "Pirc: classical, h3 system"]
[ECO "B08"]
[Time "04:12:49"]
[TimeControl "2700+45"]

1. e4 d6 2. d4 Nf6 3. Nc3 g6 4. Nf3 Bg7 5. h3 O-O 6. Be3 a6 7. Qd2 b5 8. a3 Bb7
9. Bd3 Nbd7 10. Bh6 c5 11. Bxg7 Kxg7 12. d5 c4 13. Be2 Nc5 14. Qe3 Qd7 15. O-O-O
a5 16. e5 Ne8 17. h4 h5 18. Qd4 Kg8 19. Ng5 b4 20. Nb1 c3 21. axb4 cxb2+ 22.
Qxb2 axb4 23. g4 b3 24. cxb3 Qc8 25. Bc4 Qxg4 26. Rdg1 Qf4+ 27. Qd2 Qxd2+ 28.
Nxd2 Ra1+ 29. Kb2 Rxg1 30. Rxg1 dxe5 31. Nde4 Nxe4 32. Nxe4 Nd6 33. Nc5 Ba8 34.
Nd7 Rc8 35. Nxe5 Nf5 36. f4 Kg7 37. Nf3 Ne3 38. Re1 Nxc4+ 39. bxc4 Rxc4 40. Rxe7
Bxd5 41. Ng5 Rxf4 42. Rd7 Bc4 43. Kc3 Rxh4 44. Rc7 Rg4 {White resigns} 0-1

[Event "Team 45 45 League T48"]
[Site "Internet Chess Club"]
[Date "2011.03.22"]
[Round "6"]
[White "gandre"]
[Black "toukon"]
[Result "0-1"]
[WhiteElo "1600"]
[BlackElo "1717"]
[Opening "Queen's bishop game"]
[ECO "D00"]
[Time "18:00:04"]
[TimeControl "2700+45"]

1. d4 d5 2. Bf4 Nf6 3. Nf3 c5 4. c3 Nc6 5. e3 Qb6 6. Qc1 Bf5 7. Nbd2 e6 8. Nh4
Be4 9. Nxe4 Nxe4 10. Nf3 Be7 11. h3 cxd4 12. exd4 Rc8 13. Bd3 Nf6 14. O-O O-O
15. b4 Nxb4 16. Qd2 Nxd3 17. Qxd3 Qa5 18. Rfc1 Ne4 19. c4 Qa6 20. Nd2 Nxd2 21.
Qxd2 Rxc4 22. Rc2 Rfc8 23. Rac1 Ba3 24. Rxc4 Rxc4 25. Rxc4 Qxc4 26. Be5 Qc1+ 27.
Qxc1 Bxc1 28. f3 Kf8 29. Bg3 Ke7 30. Kf1 f6 31. Ke2 Bb2 32. Kd3 e5 33. dxe5 Bxe5
34. Bf2 a6 35. Bb6 Kd6 36. Ba7 Kc6 37. Be3 Kb5 38. g4 Ka4 39. f4 Bb2 40. Bc5 Ba3
41. Bb6 Kb5 42. Be3 Bc5 43. Bc1 Ka4 44. Bb2 b5 45. Bc1 b4 46. Kc2 Kb5 47. Kb3 a5
48. Bb2 a4+ 49. Kc2 Kc4 50. Bc1 b3+ 51. axb3+ axb3+ 52. Kb2 Bd4+ 53. Kb1 b2 54.
Bxb2 Bxb2 55. Kxb2 Kd3 56. Kc1 Ke2 57. Kc2 d4 58. Kc1 d3 {White resigns} 0-1

[Event "Team 45 45 League T48"]
[Site "Internet Chess Club"]
[Date "2011.03.20"]
[Round "6"]
[White "ElMarginal"]
[Black "makramkozman"]
[Result "1-0"]
[WhiteElo "1536"]
[BlackElo "1534"]
[Opening "Caro-Kann: advance variation"]
[ECO "B12"]
[Time "20:32:40"]
[TimeControl "2700+45"]

1. e4 c6 2. d4 d5 3. e5 Bf5 4. Ne2 e6 5. Ng3 Bg6 6. h4 h6 7. h5 Bh7 8. Nd2 Nd7
9. f4 Ne7 10. c3 Qb6 11. Nb3 Nf5 12. Nxf5 Bxf5 13. g4 Be4 14. Rh2 c5 15. Be3 a5
16. dxc5 Qc7 17. a4 f6 18. exf6 Nxf6 19. Bb5+ Kf7 20. Qe2 Be7 21. O-O-O Rhc8 22.
g5 hxg5 23. fxg5 Ng4 24. Rh4 Nxe3 25. Qxe3 Bxc5 26. Nxc5 Qxc5 27. Rf1+ Kg8 28.
Qxc5 Rxc5 29. h6 Rf8 30. Rxf8+ Kxf8 31. h7 Bxh7 32. Rxh7 d4 33. Kd2 dxc3+ 34.
bxc3 Rxg5 35. Rh8+ Kf7 36. Rb8 Re5 37. Rxb7+ Kf6 38. Bd3 g5 39. Rb5 g4 40. Rxe5
Kxe5 41. Ke3 Kd6 42. Kf4 e5+ 43. Kxg4 Ke6 44. Be4 Kf6 45. Kf3 Ke7 46. Ke3 Kd6
47. Kd3 Kc5 48. Bf3 Kb6 49. Kc4 {Black resigns} 1-0

[Event "Team 45 45 League T48"]
[Site "Internet Chess Club"]
[Date "2011.03.20"]
[Round "6"]
[White "justice02"]
[Black "parpin"]
[Result "1/2-1/2"]
[WhiteElo "1748"]
[BlackElo "1804"]
[Opening "Queen's pawn game"]
[ECO "D02"]
[Time "16:00:24"]
[TimeControl "2700+45"]

1. Nf3 d5 2. d4 e6 3. c4 Be7 4. Nc3 Nf6 5. b3 O-O 6. Bb2 Nbd7 7. e3 b6 8. Bd3
Bb7 9. O-O c5 10. Re1 Rc8 11. Rc1 Re8 12. Bb1 Bd6 13. dxc5 Nxc5 14. Nb5 Bb8 15.
Qd4 a6 16. Na3 dxc4 17. Qxd8 Rcxd8 18. Nxc4 b5 19. Nce5 Nce4 20. Nc6 Bxc6 21.
Rxc6 Nd2 22. Nxd2 Rxd2 23. Bxf6 gxf6 24. Rxa6 Red8 25. Rc6 b4 26. Rc4 Rd1 27.
Rc1 R1d2 28. g3 Be5 29. Kg2 Bc3 30. Kf3 f5 31. Rg1 h5 32. h3 Kf8 33. g4 fxg4+
34. hxg4 hxg4+ 35. Rxg4 Rb2 36. Rh1 Rdd2 37. Rg2 Ke7 38. Rf1 Bf6 39. Rg4 Bc3 40.
Rh4 Ke8 41. Rh7 Bf6 42. Rh5 Bc3 43. Rc5 Ke7 44. Rc4 Kf6 45. Rf4+ Ke7 46. Kg4 f5+
47. Kg5 Bf6+ 48. Kg6 Rd8 49. Rxb4 Rg8+ 50. Kh7 Rh8+ {Game drawn by mutual
agreement} 1/2-1/2

[Event "Team 45 45 League T48"]
[Site "Internet Chess Club"]
[Date "2011.03.20"]
[Round "6"]
[White "Timotheous"]
[Black "sbaker831"]
[Result "1/2-1/2"]
[WhiteElo "1656"]
[BlackElo "1649"]
[Opening "English opening"]
[ECO "A05"]
[Time "17:01:37"]
[TimeControl "2700+45"]

1. Nf3 Nf6 2. c4 g6 3. b4 Bg7 4. Bb2 d6 5. g3 O-O 6. Bg2 e5 7. d3 Nh5 8. Qc2 f5
9. Nbd2 Nc6 10. b5 Nd4 11. Nxd4 exd4 12. Bd5+ Kh8 13. Nb3 Re8 14. Nxd4 Rb8 15.
O-O f4 16. Bg2 Qg5 17. Nf3 Qe7 18. Bxg7+ Qxg7 19. Rab1 fxg3 20. fxg3 b6 21. Qb2
Bb7 22. Qxg7+ Nxg7 23. Rfe1 Nf5 24. e4 Nh6 25. Rb2 Nf7 26. Rbe2 Ne5 27. Nxe5
dxe5 28. Rd2 Rbd8 29. Kf2 Kg7 30. Ke3 c5 31. Rf1 Bc8 32. h3 Rf8 33. Rdf2 Rxf2
34. Rxf2 Rf8 35. Rxf8 Kxf8 36. Kf3 g5 37. g4 Kf7 38. Kg3 h6 {Game drawn by
mutual agreement} 1/2-1/2

[Event "Team 45 45 League T48"]
[Site "Internet Chess Club"]
[Date "2011.03.20"]
[Round "6"]
[White "ScotchYeti"]
[Black "Zugzwanged"]
[Result "1-0"]
[WhiteElo "1643"]
[BlackElo "1535"]
[Opening "Petrov: modern attack, Symmetrical variation"]
[ECO "C43"]
[Time "16:00:36"]
[TimeControl "2700+45"]

1. e4 e5 2. Nf3 Nf6 3. d4 Nxe4 4. Bd3 d5 5. dxe5 Nc6 6. O-O Bg4 7. h3 Bxf3 8.
Qxf3 Nxe5 9. Qe3 Bc5 10. Qe2 O-O 11. Bxe4 dxe4 12. Qxe4 Nc6 13. Nc3 Re8 14. Qf3
Rb8 15. Bf4 Nd4 16. Qg3 Ne6 17. Rad1 Qe7 18. Nd5 Qf8 19. Nf6+ Kh8 20. Nxe8 Qxe8
21. Bxc7 Rc8 22. Be5 Bb6 23. c3 Qa4 24. Rd6 Bc7 25. Rxe6 Bxe5 26. Rxe5 Qxa2 27.
Rfe1 h6 28. Qd3 g6 29. Qd7 Rf8 30. Qxb7 Kg8 31. Re7 Kg7 32. Qb4 a5 33. Qd4+ Kg8
34. Qb6 a4 35. Ra7 Qc4 36. Ra1 Re8 37. R7xa4 Qd5 38. Rd4 Qf5 39. Rd8 Qe5 40.
Rxe8+ Qxe8 41. Qd4 Qb8 42. b4 Qe8 43. Rd1 Qe6 44. c4 {Black resigns} 1-0